 Dungeon Crawl Stone Soup version 0.27.1-16-g815e20cd7a (webtiles) character file.

Game seed: 15436219920198033819

13995 zeram the Impaler (level 12, -11/81 HPs)
             Began as a Merfolk Fighter on Nov 22, 2021.
             Was an Elder of Qazlal.
             Mangled by an orc warlord (24 damage)
             ... on level 1 of the Orcish Mines.
             The game lasted 00:23:12 (10408 turns).

zeram the Impaler (Merfolk Fighter)                Turns: 10408, Time: 00:23:13

Health: -11/81     AC: 10    Str: 22    XL:     12   Next: 11%
Magic:  19/19      EV: 17    Int: 11    God:    Qazlal [****..]
Gold:   831        SH: 18    Dex: 17    Spells: 16/20 levels left

rFire    . . .     SeeInvis .   J - +3 trident "Goblinslayer" {flame, Str+3 Dex+4}
rCold    . . .     Faith    .   c - +0 kite shield
rNeg     . . .     Spirit   .   E - +2 robe {Will+}
rPois    .         Reflect  .   d - +2 helmet
rElec    .         Harm     .   e - +0 cloak
rCorr    +         Rampage  .   D - +0 pair of gloves {Str+3}
Will     +....                  w - +0 pair of boots
Stlth    +.........             q - amulet of regeneration
HPRegen  1.23/turn              u - ring of resist corrosion
MPRegen  0.16/turn              (no ring)

@: mighty, about to teleport, repel missiles
A: (nimble swimmer 2), mertail, clumsy 1, MP-powered wands
a: Renounce Religion, Upheaval, Elemental Force


You were on level 1 of the Orcish Mines.
You worshipped Qazlal.
Qazlal was greatly pleased with you.
You visited 3 branches of the dungeon, and saw 14 of its levels.
You also visited: Ice Cave.

You collected 831 gold pieces.

Inventory:

Hand Weapons
 a - a +1 trident
 f - a +1 vorpal battleaxe
 z - a +1 broad axe of electrocution
 B - a +2 hunting sling of flaming
 C - the +6 long sword of Bopedim {pain, Will+ Int+3}
   (You found it on level 7 of the Dungeon)

   In the hands of one skilled in necromantic magic, it inflicts extra damage on
   living creatures.
   Int:       It affects your intelligence (+3).
   Will:      It increases your willpower.
 J - the +3 trident "Goblinslayer" (weapon) {flame, Str+3 Dex+4}
   (You found it on level 8 of the Dungeon)

   It burns those it strikes, dealing additional fire damage.
   Str:       It affects your strength (+3).
   Dex:       It affects your dexterity (+4).
Armour
 b - a +0 scale mail
 c - a +0 kite shield (worn)
 d - a +2 helmet (worn)
 e - a +0 cloak (worn)
 l - a scarf of invisibility
 w - a +0 pair of boots (worn)
 D - a +0 pair of gloves of strength (worn)
 E - a +2 robe of willpower (worn)
Jewellery
 q - an amulet of regeneration (around neck)
 t - a ring of ice
 u - a ring of resist corrosion (left hand)
 x - an amulet of the acrobat
 O - the amulet "Rontuck" {Faith Will+}
   (You found it on level 10 of the Dungeon)

   [amulet of faith]

   It allows you to gain divine favour quickly.
   Will:      It increases your willpower.
Wands
 g - a wand of acid (10)
 m - a wand of mindburst (11)
 A - a wand of paralysis (11)
 L - a wand of flame (13)
Scrolls
 r - a scroll of enchant armour {unknown}
 y - 2 scrolls of fog
 G - a scroll of enchant weapon
 H - a scroll of silence
 M - a scroll of teleportation
 P - a scroll of amnesia {unknown}
 Q - a scroll of vulnerability {unknown}
Potions
 h - 2 potions of resistance
 i - 2 potions of mutation
 j - 2 potions of lignification
 k - 5 potions of attraction
 n - 2 potions of curing
 o - 4 potions of brilliance
 p - 3 potions of degeneration
 K - a potion of flight
 R - a potion of magic
Miscellaneous
 F - a lightning rod (4/4)


   Skills:
 - Level 3.2 Fighting
 + Level 15.9 Polearms
 - Level 2.1 Armour
 + Level 10.4 Dodging
 + Level 11.9 Shields
 * Level 4.9 Spellcasting


You had 16 spell levels left.
You knew the following spells:

 Your Spells              Type           Power      Damage    Failure   Level
a - Pain                  Necr           8%         1d4       32%         1
b - Vampiric Draining     Necr           1%         2d6       67%         3

Your spell library contained the following spells:

 Spells                   Type           Power      Damage    Failure   Level
 Animate Skeleton         Necr           4%         N/A       32%         1
 Beastly Appendage        Tmut           4%         N/A       32%         1
 Foxfire                  Conj/Fire      8%         2x1d4     32%         1
 Magic Dart               Conj           8%         1d3       32%         1
 Searing Ray              Conj           4%         3d3       43%         2
 Static Discharge         Conj/Air       2%         N/A       43%         2
 Wereblood                Tmut           2%         N/A       43%         2
 Conjure Flame            Conj/Fire      2%         6-21      67%         3
 Inner Flame              Hex/Fire       2%         N/A       67%         3
 Spider Form              Tmut/Pois      1%         N/A       67%         3
 Summon Guardian Golem    Hex/Summ       2%         N/A       67%         3
 Dispel Undead            Necr           2%         3d7       97%         4
 Fulminant Prism          Conj/Hex       1%         3d6       97%         4
 Sticky Flame             Conj/Fire      2%         2d3       97%         4
 Summon Lightning Spire   Summ/Air       2%         N/A       97%         4
 Summon Forest            Summ/Tloc      1%         N/A       100%        5
 Eringya's Noxious Bog    Tmut/Pois      1%         N/A       100%        6
 Orb of Destruction       Conj           1%         N/A       100%        7
 Spellforged Servitor     Conj/Summ      1%         N/A       100%        7
 Storm Form               Tmut/Air       1%         N/A       100%        7
 Summon Hydra             Summ           1%         N/A       100%        7
 Maxwell's Capacitive Co  Air            1%         ∞         100%        8


Dungeon Overview and Level Annotations

Branches:
Dungeon (11/15)            Temple (1/1) D:4            Lair (0/6) D:8
    Orc (2/2) D:9           IceCv (visited)
    Elf: Orc:2

Altars:
Ashenzari
Cheibriados
Dithmenos
Elyvilon
Fedhas
Gozag
Hepliaklqana
Kikubaaqudgha
Makhleb
Nemelex Xobeh
Okawaru
Qazlal
Ru
Sif Muna
Trog
Uskayaw
Vehumet
Wu Jian
Xom
Yredelemnul
Zin
The Shining One

Shops:
D:3 [   D:6 *=   D:9 =

Annotations:
D:5 2 transporters, AltoTato's ghost, novice DrBe


Innate Abilities, Weirdness & Mutations

((You are quick and stealthy near water. (Stealth+, EV+, Speed+++)))
Your lower body shifts to a powerful aquatic tail in water.
You are clumsy. (Dex -2)
You expend magic power (3 MP) to strengthen your wands.


Message History

Unknown command.
You puncture the orc warrior! You burn the orc warrior.
You kill the orc warrior!
Qazlal accepts your kill.
The orc knight no longer looks unusually strong.
You block the troll's attack. The troll claws you but does no damage.
The troll closely misses you.
The orc warlord roars a battlecry!
The orc knight goes into a battle-frenzy!
You puncture the orc warrior! You burn the orc warrior.
The orc warrior is heavily wounded.
The orc warrior no longer looks unusually strong.
You block the orc knight's attack. The troll misses you. The troll claws you!
The troll claws you.
Unknown command.
You puncture the orc! You burn the orc.
You kill the orc!
Qazlal accepts your kill.
The storm surrounding you is now powerful enough to repel missiles.
You will now adapt resistances upon receiving elemental damage.
You block the orc warlord's attack. You block the orc warrior's attack.
The orc knight barely misses you.
You puncture the orc warrior! You burn the orc warrior.
The orc warrior is severely wounded.
You block the troll's attack. The troll claws you.
You block the troll's attack. You block the orc warlord's attack.
You block the orc warrior's attack.
You hit the orc warrior. You burn the orc warrior.
You kill the orc warrior!
Qazlal accepts your kill.
The orc knight hits you with a +1 war axe!!
* * * LOW HITPOINT WARNING * * *
You block the troll's attack. x3
Unknown command.
Okay, then.
As you read the scroll of teleportation, it crumbles to dust.
You feel strangely unstable.
The orc warlord no longer looks unusually strong.
The orc warlord hits you with a +2 war axe of flaming!!
You die...

#........[.######### ###
##.#..[.[.....##
##.......[))...##
#........)>[..#.###
...#.....)[.......####
#.#....#.#.........#.##
##.............##.#...###
#............○To..#..#.##
##..#.##......o@○#......#
#...####.....○☼§°...#.##
##.##..#...........####
###...............#
##..#..#..####.##
########## ###


You could see an orc warlord, an orc knight (strong) and a troll.

Vanquished Creatures
  2 hydras
  2 two-headed ogres
  Joseph (D:8)
  Maurice (D:9)
  A gargoyle (D:10)
  An unseen horror (D:7)
  2 rime drakes (D:11)
  A komodo dragon (D:7)
  3 trolls
  A slime creature (D:7)
  9 yaks
  4 wyverns
  Menkaure (D:3)
  4 wargs (D:9)
  Edmund (D:5)
  2 acid dragons
  3 water moccasins
  9 orc warriors
  2 sky beasts (D:7)
  Duvessa (D:3)
  2 black bears
  A necrophage (D:7)
  4 ogres
  6 centaurs
  3 kobold brigands
  Blork the orc (D:6)
  3 bullfrogs
  2 gnoll sergeants
  3 scorpions
  A water moccasin zombie (D:5)
  Dowan (D:5)
  An elephant simulacrum (IceCv)
  12 killer bees
  13 wights
  2 howler monkeys
  A bullfrog zombie (D:6)
  3 centaur zombies
  2 hounds
  A centaur skeleton (D:5)
  A gnoll shaman (D:3)
  6 orc priests
  2 jellies
  Jessica (D:2)
  An iguana (D:5)
  Ijyb (D:4)
  7 orc wizards
  Robin (D:3)
  A howler monkey zombie (D:5)
  5 adders
  10 gnolls
  A shadow imp (D:7)
  2 ufetubi
  2 worms (D:3)
  4 dart slugs
  29 orcs
  5 bats
  7 endoplasms
  2 giant cockroaches (D:2)
  15 goblins
  10 hobgoblins
  2 jackals (D:1)
  17 kobolds
  2 quokkas (D:5)
  6 ball pythons
  2 frilled lizards
  A quokka skeleton (D:4)
  6 rats
262 creatures vanquished.

Notes
Turn   | Place    | Note
-------+----------+-------------------------------------------
     0 | D:1      | zeram the Merfolk Fighter began the quest for the Orb.
     0 | D:1      | Reached XP level 1. HP: 18/18 MP: 1/1
   468 | D:1      | Reached XP level 2. HP: 19/24 MP: 2/2
  1055 | D:2      | Found a faded altar of an unknown god.
  1084 | D:2      | Learned a level 1 spell: Pain
  1090 | D:2      | Noticed Jessica
  1097 | D:2      | Killed Jessica
  1098 | D:2      | Reached skill level 4 in Polearms
  1098 | D:2      | Reached XP level 3. HP: 24/29 MP: 3/3
  1289 | D:2      | Reached XP level 4. HP: 12/35 MP: 4/4
  1723 | D:1      | Reached skill level 5 in Polearms
  2179 | D:3      | Found Cigit's Antique Armour Emporium.
  2189 | D:3      | Noticed Robin
  2229 | D:3      | Reached skill level 1 in Dodging
  2229 | D:3      | Reached XP level 5. HP: 25/41 MP: 5/5
  2239 | D:3      | Killed Robin
  2240 | D:3      | Reached skill level 6 in Polearms
  2347 | D:3      | Found a sacrificial altar of Ru.
  2497 | D:3      | Learned a level 3 spell: Vampiric Draining
  2915 | D:4      | Noticed Menkaure
  2933 | D:3      | Killed Menkaure
  2934 | D:3      | Reached skill level 7 in Polearms
  2934 | D:3      | Reached XP level 6. HP: 21/47 MP: 6/6
  2957 | D:4      | Noticed Ijyb
  2976 | D:3      | Reached skill level 8 in Polearms
  3140 | D:4      | Gained mutation: You are clumsy. (Dex -2) [potion of
                  | mutation]
  3140 | D:4      | Gained mutation: You expend magic power (3 MP) to
                  | strengthen your wands. [potion of mutation]
  3150 | D:4      | Killed Ijyb
  3180 | D:4      | Noticed a black bear
  3193 | D:4      | Killed a black bear
  3194 | D:4      | Reached XP level 7. HP: 30/52 MP: 7/7
  3250 | D:5      | Entered Level 5 of the Dungeon
  3257 | D:5      | Reached skill level 5 in Shields
  3342 | D:5      | Reached skill level 9 in Polearms
  3493 | D:5      | Found a transporter.
  3540 | D:5      | Found a transporter.
  3541 | D:5      | Noticed AltoTato's ghost (novice DrBe)
  3626 | D:5      | Noticed Dowan
  3628 | D:5      | Noticed Duvessa
  3644 | D:5      | Killed Dowan
  3714 | D:3      | Killed Duvessa
  3715 | D:3      | Reached skill level 10 in Polearms
  3715 | D:3      | Reached XP level 8. HP: 29/58 MP: 8/8
  3953 | D:4      | Found a staircase to the Ecumenical Temple.
  3997 | Temple   | Entered the Ecumenical Temple
  4316 | Temple   | Became a worshipper of Qazlal Stormbringer
  4386 | D:4      | Found an iron altar of Okawaru.
  4526 | D:4      | Identified the +3 ring mail "Sugusal" {-Tele rN+ Slay+3}
  5136 | D:6      | Noticed Edmund
  5161 | D:5      | Killed Edmund
  5162 | D:5      | Reached skill level 5 in Dodging
  5309 | D:6      | Reached skill level 11 in Polearms
  5424 | D:6      | Noticed Blork the orc
  5437 | D:6      | Killed Blork the orc
  5489 | D:6      | Found Suhos's Jewellery Boutique.
  5632 | D:6      | Found Qithrelext's Serpentskin Sales.
  5635 | D:6      | Reached XP level 9. HP: 64/64 MP: 9/9
  5796 | D:6      | Found a burning altar of Makhleb.
  5796 | D:6      | Found a basalt altar of Yredelemnul.
  5894 | D:7      | Reached * piety under Qazlal
  5895 | D:7      | Reached skill level 12 in Polearms
  6148 | D:7      | Reached skill level 13 in Polearms
  6196 | D:7      | Killed an unseen horror
  6316 | D:7      | Reached XP level 10. HP: 43/70 MP: 10/10
  6335 | D:7      | Reached skill level 14 in Polearms
  6406 | D:7      | Identified the +6 long sword of Bopedim {pain, Will+ Int+3}
  6500 | D:7      | Noticed a seven-headed hydra
  7053 | D:7      | Killed a seven-headed hydra
  7053 | D:7      | Reached ** piety under Qazlal
  7054 | D:7      | Reached skill level 1 in Spellcasting
  7155 | D:8      | Noticed Joseph
  7172 | D:8      | Killed Joseph
  7447 | D:8      | Reached skill level 10 in Shields
  7547 | D:8      | Found a staircase to the Lair.
  7697 | D:8      | Reached skill level 15 in Polearms
  7697 | D:8      | Reached XP level 11. HP: 72/73 MP: 14/14
  7733 | D:8      | Identified the +3 trident "Goblinslayer" {flame, Str+3
                  | Dex+4}
  7999 | D:9      | Found Huizyosy's Jewellery Boutique.
  8053 | D:9      | Noticed Maurice
  8062 | D:9      | Killed Maurice
  8071 | D:9      | Found a staircase to the Orcish Mines.
  8169 | D:9      | Noticed a four-headed hydra
  8180 | D:9      | Killed a four-headed hydra
  8564 | D:9      | Reached *** piety under Qazlal
  8877 | D:10     | Entered Level 10 of the Dungeon
  9031 | D:10     | Identified the amulet "Rontuck" {Faith Will+}
  9381 | D:10     | Noticed a two-headed ogre
  9394 | D:10     | Killed a two-headed ogre
  9659 | D:11     | Noticed a two-headed ogre
  9675 | D:11     | Killed a two-headed ogre
  9676 | D:11     | Reached skill level 10 in Dodging
  9799 | D:11     | Reached XP level 12. HP: 55/81 MP: 17/19
  9825 | D:11     | Found a frozen archway.
  9833 | IceCv    | Entered an ice cave
  9965 | Orc:1    | Entered Level 1 of the Orcish Mines
 10352 | Orc:2    | Entered Level 2 of the Orcish Mines
 10352 | Orc:2    | Noticed an orc warlord
 10353 | Orc:2    | Noticed an orc warlord
 10390 | Orc:2    | Noticed a soul eater
 10405 | Orc:1    | Reached **** piety under Qazlal
 10408 | Orc:1    | Mangled by an orc warlord

Illustrated notes

Levels and vault maps discovered:
D:1:      elethiomel_arrival_maze, layout_loops_ring
D:2:      layout_basic, hellmonk_ecumenical_altar_heavens_door,
          skrybe_limestone_x, minmay_indecisive_spiral, uniq_jessica
D:3:      layout_rooms, nicolae_ru_awakened_eye, serial_shops, shop,
          amcnicky_mini_pool_small, uniq_robin
D:4:      layout_cave_pools, okawaru_ov_weapons_minmay,
          minmay_temple_entry_drinking_statues, minmay_misc_feat_diagonals,
          uniq_menkaure, uniq_ijyb
D:5:      layout_basic, gammafunk_ghost_mausoleum,
          minmay_fractal_squares_gapless_5, uniq_duvessa
D:6:      layout_cave_pools, amethyst_overflow_temple_binary, serial_shops,
          shop, guppyfry_shop_venom, uniq_edmund, uniq_blork_the_orc
D:7:      minmay_the_grid_plus [minmay_the_grid_zigzag_pyramid,
          minmay_the_grid_outer_circle, minmay_the_grid_gridbox,
          minmay_the_grid_paths, minmay_the_grid_prize_shrinking_boxes],
          layout_rooms, serial_corexii_hall, chequers_hall_statues_corner_a,
          corexii_hall_statues_x, corexii_hall_statues_u, item_on_display_a
D:8:      layout_basic, lair_entry_dummy, minmay_misc_feat_tiny,
          minmay_misc_feat_rugged, grunt_decor_mini_mirrors, uniq_joseph
D:9:      layout_cave_pods, minmay_orc_entry_guard_dogs, serial_shops,
          nicolae_take_the_stairs, kennysheep_just_a_vault, uniq_maurice
D:10:     layout_roguey, roderic_lattice_a
D:11:     layout_loops_ring, portal_ice_cave_rime
Temple:   dpeg_five_rooms_temple
Orc:1:    layout_caves
Orc:2:    grunt_orc_cross, layout_caves, nicolae_shop_clearance

Skill      XL: |  1  2  3  4  5  6  7  8  9 10 11 |
---------------+----------------------------------+-----
Polearms       | 4 5 7 8 10 11 13 15 | 15.9
Shields        | 4 5 7 8 10 11 | 11.9
Dodging        | 1 2 4 5 6 8 10 | 10.4
Spellcasting   | 2 4 |  4.9
Fighting       | |  3.2
Armour         | |  2.1

Action                   |  1- 3 |  4- 6 |  7- 9 | 10-12 || total
-------------------------+-------+-------+-------+-------++-------
Melee: Trident           |    68 |   204 |   457 |   583 ||  1312
Throw: Throwing net      |       |       |       |     1 ||     1
  Use: Scroll            |       |     5 |     5 |     9 ||    19
       Potion            |       |     7 |     5 |     4 ||    16
 Stab: Held in net/web   |       |       |       |     1 ||     1
Armor: Scale mail        |    14 |   111 |   153 |     7 ||   285
       Robe              |       |       |       |    67 ||    67
Dodge: Dodged            |    17 |    75 |   117 |   181 ||   390
Block: Kite shield       |    25 |   109 |   214 |   359 ||   707
